Map: Crimson Research Lab LE

Players

headtrouser - Winner!

  • Race: Zerg Zerg
  • Spawn Location: 11:00

Blackout - Winner!

  • Race: Zerg Zerg
  • Spawn Location: 11:00

Ekelpack

  • Race: Zerg Zerg
  • Spawn Location: 5:00

Nyck

  • Race: Terran Terran
  • Spawn Location: 5:00

VOD

Have the link to the VOD?

Description

Time

  • Played on: Dec. 18, 2024, 1:57 p.m.
  • Length: 15:46
Show
View Real Time Build Order
Export as new Build Order

headtrouser Zerg - Winner!

Build Orders: Hatch First, Swarm Host 

Get SALT Encoding   

  12  0:00  Drone  
  13  0:10  Drone  
  14  0:17  Overlord  
  14  0:31  Drone, Extractor  
  14  0:36  Drone x2  
  16  0:58  Hatchery  
  16  1:01  Drone  
  16  1:23  Spawning Pool, Drone  
  15  1:49  Drone x2  
  15  1:50  Drone  
  18  2:05  Drone  
  19  2:11  Roach Warren  
  19  2:14  Queen  
  20  2:16  Drone  
  20  2:19  Drone  
  22  2:26  Overlord  
  22  2:34  Overlord  
  22  2:41  Overlord  
  22  2:54  Roach  
  22  2:55  Roach x2  
  28  2:59  Roach  
  30  3:25  Roach x5  
  40  3:37  Roach x3  
  48  3:41  Roach  
  48  3:49  Roach  
  48  3:50  Roach  
  52  4:04  Overlord  
  52  4:05  Overlord  
  52  4:22  Extractor  
  51  4:24  Lair  
  51  4:26  Queen  
  37  5:33  Spore Crawler x2  
  37  5:35  Spore Crawler x2  
  19  5:47  Drone  
  19  5:48  Spore Crawler, Drone x11  
  19  5:49  Spore Crawler x2  
  28  5:51  Spore Crawler  
  28  6:04  Drone x2  
  28  6:06  Drone  
  30  6:13  Spore Crawler  
  29  6:19  Spore Crawler  
  29  6:20  Extractor  
  29  6:21  Drone, Extractor  
  27  6:43  Queen  
  27  6:49  Drone x2  
  27  6:50  Drone x3  
  32  7:01  Hydralisk Den  
  31  7:12  Drone x3  
  34  7:38  Grooved Spines  
  34  7:41  Drone  
  35  7:45  Hatchery  
  34  7:59  Drone x2  
  34  8:00  Drone x5  
  41  8:17  Drone x3  
  44  8:20  Drone  
  44  8:21  Drone  
  44  8:22  Drone  
  44  8:24  Drone  
  48  8:28  Muscular Augments  
  48  8:35  Drone x2  
  50  8:47  Evolution Chamber  
  49  8:50  Evolution Chamber  
  48  8:55  Hydralisk  
  48  8:56  Hydralisk x5  
  48  8:59  Overlord  
  60  9:13  Hydralisk  
  60  9:14  Hydralisk x4  
  70  9:38  Zerg Ground Armor Level 1, Zerg Missile Weapons Level 1  
  70  9:39  Hydralisk  
  70  9:40  Hydralisk x4  
  80  9:56  Drone  
  81  10:03  Hydralisk, Infestation Pit  
  82  10:07  Overlord x3  
  82  10:22  Nydus Network  
  82  10:28  Hydralisk x3  
  81  10:30  Hydralisk  
  81  10:32  Nydus Network  
  81  10:34  Drone x2  
  90  10:51  Hatchery  
  89  11:00  Hatchery  
  88  11:28  Swarm Host x6  
  104  12:08  Swarm Host x4  
  76  12:24  Drone  
  76  12:25  Drone x2  
  76  12:29  Extractor x2  
  77  12:34  Pneumatized Carapace  
  77  12:43  Zerg Missile Weapons Level 2, Zerg Ground Armor Level 2  
  77  12:44  Swarm Host x3  
  86  12:51  Nydus Canal  
  86  12:56  Nydus Canal  
  86  13:18  Nydus Canal  
  86  13:27  Nydus Canal  
  86  13:28  Swarm Host  
  86  13:29  Swarm Host x2  
  86  13:34  Drone x3  
  98  13:45  Swarm Host  
  98  13:46  Swarm Host  
  104  14:13  Swarm Host  
  104  14:14  Swarm Host  
  110  14:21  Overlord x3  
  110  14:28  Nydus Canal  
  110  14:32  Nydus Canal  
  110  14:58  Hatchery  
  103  15:17  Nydus Canal  
  103  15:22  Drone  
  103  15:23  Drone x2  
  106  15:44  Nydus Canal  
Show
View Real Time Build Order
Export as new Build Order

Blackout Zerg - Winner!

Build Orders: Hatch First 

Get SALT Encoding   

  12  0:03  Drone  
  13  0:15  Overlord  
  13  0:22  Drone  
  13  0:26  Extractor  
  13  0:27  Drone  
  14  0:34  Drone  
  15  0:39  Drone  
  16  0:48  Drone  
  17  1:04  Drone  
  17  1:06  Hatchery  
  17  1:19  Spawning Pool  
  17  1:24  Drone x2  
  18  1:35  Drone  
  19  1:57  Drone x2  
  21  2:05  Hatchery  
  21  2:08  Metabolic Boost  
  20  2:11  Overlord  
  20  2:28  Queen  
  22  2:39  Queen  
  24  2:53  Zergling x4  
  24  2:55  Drone x3  
  29  3:00  Drone  
  30  3:29  Drone x8  
  30  3:33  Queen  
  40  3:50  Spine Crawler  
  39  3:55  Spine Crawler  
  38  4:06  Spine Crawler, Drone x5  
  38  4:09  Overlord x2  
  42  4:10  Overlord  
  42  4:33  Zergling x2  
  42  4:34  Zergling x22  
  54  4:39  Extractor  
  54  4:43  Drone x3  
  56  4:49  Zergling x6  
  56  4:50  Zergling x4  
  61  4:58  Drone x5  
  66  5:01  Extractor  
  66  5:02  Extractor  
  66  5:05  Drone x2  
  66  5:14  Lair  
  66  5:20  Spore Crawler  
  65  5:24  Spore Crawler  
  65  5:26  Spore Crawler  
  65  5:27  Spore Crawler  
  62  5:30  Spore Crawler  
  62  5:31  Spore Crawler  
  60  5:39  Spore Crawler  
  60  5:41  Spore Crawler  
  39  5:58  Queen  
  39  5:59  Queen  
  43  6:13  Overlord x3  
  43  6:19  Spire  
  42  6:26  Spore Crawler  
  38  6:33  Spore Crawler  
  38  6:34  Drone x4  
  38  6:35  Drone x6  
  38  6:36  Drone  
  48  6:41  Queen  
  41  7:24  Queen  
  41  7:26  Drone x2  
  41  7:27  Drone x2  
  44  7:35  Mutalisk x6  
  44  7:36  Mutalisk x3  
  62  7:41  Mutalisk  
  64  7:44  Extractor  
  64  7:45  Drone x3  
  64  7:47  Drone  
  64  7:48  Drone x3  
  68  7:54  Drone x3  
  68  7:57  Drone x3  
  74  8:07  Drone, Overlord, Extractor  
  74  8:08  Overlord  
  74  8:27  Extractor  
  73  8:43  Mutalisk x2  
  73  8:44  Mutalisk x2  
  81  8:50  Drone  
  82  8:58  Overlord x5  
  82  9:16  Drone x2  
  82  9:17  Drone x5  
  86  9:19  Drone x2  
  91  9:27  Queen  
  93  9:38  Mutalisk  
  93  9:39  Mutalisk x9  
  93  9:42  Overlord x5  
  111  9:53  Queen  
  113  10:00  Mutalisk  
  113  10:01  Mutalisk x3  
  121  10:09  Mutalisk x3  
  121  10:10  Mutalisk  
  121  10:13  Mutalisk  
  131  10:16  Mutalisk  
  131  10:18  Mutalisk  
  131  10:20  Mutalisk  
  137  10:27  Zerg Flyer Weapons Level 1  
  137  10:29  Queen  
  137  11:13  Queen  
  137  11:14  Mutalisk  
  137  11:15  Mutalisk x5  
  149  12:21  Zerg Flyer Armor Level 1  
  125  13:09  Mutalisk  
  125  13:10  Mutalisk x14  
  143  13:54  Mutalisk x5  
Show
View Real Time Build Order
Export as new Build Order

Ekelpack Zerg 

Build Orders: Hatch First 

Get SALT Encoding   

  12  0:00  Drone  
  13  0:13  Overlord  
  13  0:19  Drone  
  14  0:32  Drone  
  15  0:47  Hatchery  
  15  0:48  Drone  
  15  1:05  Spawning Pool  
  15  1:08  Drone  
  15  1:10  Extractor  
  14  1:14  Drone  
  14  1:18  Drone  
  16  1:23  Drone  
  17  1:32  Drone  
  18  1:51  Drone, Queen  
  21  2:02  Queen  
  21  2:06  Drone  
  24  2:10  Drone  
  25  2:16  Overlord  
  25  2:18  Drone  
  26  2:27  Lair  
  26  2:32  Drone  
  26  2:33  Drone  
  28  2:46  Drone x2  
  28  2:47  Drone  
  28  2:50  Drone  
  32  2:55  Extractor  
  32  2:56  Drone  
  32  2:59  Drone  
  33  3:05  Extractor  
  32  3:14  Drone x2  
  32  3:15  Drone x2  
  32  3:16  Overlord  
  36  3:21  Extractor  
  36  3:23  Drone  
  36  3:24  Overlord  
  36  3:29  Spire  
  35  3:42  Drone x3  
  35  3:43  Drone, Metabolic Boost  
  39  3:50  Drone x3  
  39  3:54  Drone x2  
  44  3:59  Drone  
  45  4:05  Drone  
  46  4:11  Overlord x2  
  46  4:45  Mutalisk x3  
  43  4:46  Mutalisk x5  
  40  5:02  Zergling x4, Mutalisk  
  40  5:03  Zergling x8  
  48  5:28  Mutalisk x2  
  45  5:31  Queen  
  45  6:09  Hatchery  
  44  6:16  Mutalisk x2  
  48  6:19  Mutalisk  
  50  6:31  Zergling x6  
  49  6:49  Drone  
  44  7:32  Mutalisk x3  
  50  7:37  Drone x2, Queen  
  54  7:55  Drone x4  
  58  8:04  Zerg Flyer Weapons Level 1  
  58  8:09  Mutalisk x2  
  62  8:27  Hatchery  
  61  8:28  Drone x4  
  65  8:44  Drone x2  
  65  8:45  Drone  
  68  8:49  Overlord x2  
  68  9:02  Extractor  
  67  9:04  Extractor  
  67  9:08  Drone x5  
  67  9:09  Drone  
  72  9:32  Drone x5  
  72  9:33  Drone x4  
  81  9:58  Drone x2  
  81  9:59  Drone x5  
  88  10:01  Queen  
  88  10:03  Overlord x4, Extractor  
  88  10:04  Extractor  
  88  10:12  Infestation Pit  
  87  10:14  Drone  
  87  10:15  Evolution Chamber  
  87  10:16  Evolution Chamber  
  86  10:44  Drone x2  
  86  10:45  Drone  
  89  11:14  Zerg Melee Weapons Level 1  
  89  11:15  Zerg Ground Armor Level 1  
  89  11:16  Hive  
  89  11:27  Mutalisk x3  
  89  11:28  Mutalisk x7  
  89  11:29  Mutalisk x4  
  89  11:30  Mutalisk  
  89  11:32  Zergling x6  
  122  11:36  Overlord x4  
  87  12:12  Mutalisk x2  
  87  12:13  Mutalisk x5  
  79  12:43  Mutalisk x5  
  81  12:53  Queen  
  81  13:33  Overseer x3  
  71  13:59  Drone x2  
  71  14:00  Drone, Queen  
  71  14:01  Adrenal Glands  
  76  14:12  Hatchery  
  76  14:14  Extractor  
  76  14:16  Drone, Extractor  
  68  14:26  Spore Crawler  
  68  14:27  Spore Crawler  
  50  15:10  Zergling x10  
Show
View Real Time Build Order
Export as new Build Order

Nyck Terran 

Build Orders: 2 Factory 

Get SALT Encoding   

  12  0:00  SCV  
  13  0:12  SCV  
  14  0:18  Supply Depot  
  14  0:25  SCV  
  15  0:39  SCV  
  15  0:42  Barracks  
  16  0:45  Refinery  
  16  0:53  Refinery  
  16  0:54  SCV  
  17  1:06  SCV  
  18  1:19  SCV  
  19  1:48  Orbital Command  
  19  1:50  Reaper  
  20  1:55  Factory  
  20  1:58  Supply Depot  
  20  2:15  SCV  
  21  2:23  Factory  
  21  2:24  Supply Depot  
  21  2:32  Barracks Tech Lab  
  22  2:37  SCV  
  22  2:43  Factory Tech Lab  
  22  2:56  Command Center  
  22  3:01  SCV  
  23  3:23  SCV  
  24  3:29  Infernal Pre-Igniter, Hellion  
  24  3:31  Factory Reactor  
  26  3:40  SCV  
  27  3:58  Command Center  
  27  4:01  Engineering Bay  
  27  4:13  Orbital Command  
  29  4:24  Hellion  
  29  4:27  Hellion  
  31  4:34  Missile Turret  
  31  4:43  Siege Tank  
  34  4:46  Marauder  
  36  4:58  Concussive Shells  
  31  5:13  Orbital Command  
  24  5:24  Hellion  
  24  5:25  Hellion  
  28  5:28  SCV  
  28  5:31  Planetary Fortress  
  29  5:41  SCV x2  
  31  5:46  Hellion  
  29  5:56  SCV x2  
  31  6:08  SCV  
  31  6:10  Supply Depot  
  32  6:18  SCV  
  32  6:20  SCV  
  34  6:26  SCV  
  34  6:31  SCV  
  34  6:32  SCV  
  37  6:38  SCV  
  38  6:43  SCV  
  38  6:44  SCV  
  40  6:49  Neosteel Armor  
  40  6:56  Combat Shield  
  40  6:58  SCV x2  
  40  6:59  SCV  
  43  7:08  Refinery  
  43  7:09  Refinery  
  43  7:10  SCV x2  
  43  7:11  SCV  
  43  7:13  Siege Tank  
  43  7:14  Command Center  
  49  7:16  Hellion  
  49  7:17  Hellion  
  53  7:25  SCV x3  
  53  7:27  Marauder  
  58  7:37  SCV x2  
  58  7:38  Supply Depot, SCV  
  58  7:43  Refinery  
  61  7:49  SCV x2  
  61  7:50  SCV  
  64  8:01  SCV  
  64  8:02  SCV  
  64  8:04  Engineering Bay  
  66  8:06  Armory  
  66  8:18  Stimpack  
  66  8:21  Mag-Field Accelerator  
  66  8:22  SCV  
  66  8:23  SCV x2  
  66  8:26  Planetary Fortress  
  69  8:29  Hi-Sec Auto Tracking  
  69  8:34  SCV  
  69  8:35  SCV x2  
  69  8:39  Terran Infantry Weapons Level 1  
  72  8:47  SCV x3  
  75  8:59  SCV x3  
  75  9:02  Starport  
  78  9:07  SCV  
  79  9:11  SCV x3  
  82  9:18  Missile Turret  
  82  9:19  SCV  
  83  9:25  Refinery  
  83  9:26  SCV x3, Refinery  
  83  9:31  Thor  
  92  9:33  Hellion  
  92  9:34  Hellion  
  92  9:35  SCV  
  92  9:37  Missile Turret  
  98  9:38  SCV x2  
  98  9:39  SCV  
  98  9:41  Starport  
  98  9:42  Terran Infantry Armor Level 1  
  98  9:44  Terran Vehicle And Ship Armor Level 1  
  100  9:49  Armory  
  100  9:54  Refinery  
  100  10:11  Missile Turret  
  100  10:19  Starport  
  100  10:20  Missile Turret  
  100  10:32  Missile Turret  
  100  10:53  Missile Turret  
  100  10:55  SCV  
  100  10:56  SCV  
  100  10:57  Missile Turret  
  100  10:58  Starport  
  100  11:01  SCV  
  100  11:03  Missile Turret  
  100  11:07  Marine  
  100  11:08  SCV  
  100  11:09  SCV x2, Terran Infantry Weapons Level 2  
  99  11:13  SCV  
  100  11:25  Terran Ship Weapons Level 1  
  100  11:36  Starport  
  100  11:45  Supply Depot  
  100  11:53  SCV  
  100  11:56  SCV x2  
  100  12:00  Viking  
  99  12:02  Viking  
  88  12:22  Viking  
  85  12:24  SCV x3  
  84  12:33  Terran Infantry Armor Level 2  
  81  12:42  Thor  
  80  12:55  SCV x3  
  83  13:01  Terran Vehicle And Ship Armor Level 2  
  77  13:07  SCV x2  
  77  13:08  SCV  
  63  13:21  Viking  
  63  13:22  Viking x2  
  58  13:44  Thor  
  61  13:51  Viking  
  61  13:52  Viking x2  
  62  14:00  Factory Tech Lab  
  55  14:21  Viking x2  
  45  15:31  Missile Turret  
Tags
 
Add a new tag
Caveats
  • Supply blocks, unpowered buildings, or Contaminate may cause inaccurate times.
  • Supply counts are checked every 10 seconds.